cohdb
Replays
Latest Replays
All Replays
Popular Replays
Top Player Replays
Match Explorer
How It Works
Community
CoH3 Stats
Reddit
Sign in to upload your games and track your stats! →
Sign in with Steam
Match 43672715
Unlisted
Match 43672715
Overview
Messages
Build Orders
End
Selects Terror Battlegroup
Selects Machine Gun Camouflage
Kettenkrad Recon Vehicle
Construct Infanterie Kompanie
MG 42 Machine Gun Team
GrW 34 Mortar Team
Construct Luftwaffe Kompanie
Jäger Squad
Support Elements
Jäger Squad
Medical Station
Construct Panzergrenadier Kompanie
Nebelwerfer 42 Rocket Launcher Team
Wirbelwind Flakpanzer
Selects Contempt for the Weak
Selects Propaganda Leaflet Drop
Kettenkrad Recon Vehicle
Jäger Squad
Jäger Squad
Jäger Squad
Jäger Squad
Wirbelwind Flakpanzer
Kettenkrad Recon Vehicle
Selects V1 Rocket Strike
Construct Panzer Kompanie
Panzer IV Medium Tank
Panzer IV Medium Tank
V1 Rocket Strike
Panzer IV Medium Tank
Kettenkrad Recon Vehicle
V1 Rocket Strike
Side Skirts
V1 Rocket Strike
AI Takeover
TheEvilMoose
579
Gremchick
Граф Гематоген
Plague
Pathfinder
DontTread0nMe
dan
0
0
Comments
sign in to comment!
No comments posted yet!